 Dungeon Crawl Stone Soup version 0.18.1-48-g4cf74bf (webtiles) character file.

395 Matyi1199 the Skirmisher (level 6, -2/53 HPs)
             Began as a Draconian Wanderer on June 24, 2016.
             Was a Follower of Elyvilon (penitent).
             Slain by a giant frog (4 damage)
             ... on level 5 of the Dungeon.
             The game lasted 00:28:31 (3197 turns).

Matyi1199 the Skirmisher (Draconian Wanderer)       Turns: 3197, Time: 00:28:32

Health: -2/53      AC:  6    Str: 17    XL:     6   Next: 52%
Magic:  7/7        EV: 10    Int: 15    God:    Elyvilon [*]
Gold:   138        SH:  9    Dex:  7    Spells: 1 memorised, 6 levels left

rFire  . . .     SeeInvis .     i - +1 short sword (venom)
rCold  . . .     Gourm    .     (armour unavailable)
rNeg   . . .     Faith    .     a - +1 shield
rPois  .         Spirit   .     (helmet restricted)
rElec  .         Dismiss  .     (no cloak)
rCorr  .         Reflect  .     (no gloves)
SustAt .         Harm     .     (no boots)
MR     .....                    (no amulet)
Stlth  +.........               (no ring)
                                (no ring)

@: flying, not resistant to hostile enchantments, very unstealthy
A: unfitting armour, mutation resistance 1, cold-blooded, AC +6
a: Renounce Religion


You were on level 5 of the Dungeon.
You worshipped Elyvilon.
Elyvilon was demanding penance.
You were not hungry.

You visited 1 branch of the dungeon, and saw 5 of its levels.

You collected 138 gold pieces.

Inventory:

Hand Weapons
 b - a +0 mace
 i - a +1 short sword of venom (weapon)
 m - a +0 shortbow
 o - a cursed -2 dagger
Missiles
 n - 11 arrows
Armour
 a - a +1 shield (worn)
Jewellery
 d - an uncursed ring of protection from cold
Scrolls
 e - a scroll of teleportation
 f - a scroll of remove curse
Potions
 h - a potion of magic
Books
 c - Sif Muna's Handbook of Contamination

   Spells                             Type                      Level
   a - Sting                          Conjuration/Poison           1
   b - Ignite Poison                  Fire/Transmutation/Poison    3
 j - a book of Geomancy

   Spells                             Type                      Level
   a - Sandblast                      Earth                        1
   b - Passwall                       Transmutation/Earth          2
   c - Stone Arrow                    Conjuration/Earth            3
   d - Petrify                        Transmutation/Earth          4
   e - Lee's Rapid Deconstruction     Earth                        5
 k - a book of Geomancy

   Spells                             Type                      Level
   a - Sandblast                      Earth                        1
   b - Passwall                       Transmutation/Earth          2
   c - Stone Arrow                    Conjuration/Earth            3
   d - Petrify                        Transmutation/Earth          4
   e - Lee's Rapid Deconstruction     Earth                        5
Comestibles
 g - 2 meat rations
 l - 2 bread rations


   Skills:
 + Level 4.6 Fighting
 + Level 1.3 Short Blades
 + Level 1.4 Maces & Flails
 + Level 3.8 Dodging
 + Level 1.2 Stealth
 + Level 2.6 Shields
 + Level 1.1 Spellcasting
 + Level 0.2 Conjurations
   Level 2.0 Transmutations
 + Level 2.2 Poison Magic
 + Level 0.4 Invocations


You had 6 spell levels left.
You knew the following spells:

 Your Spells              Type           Power        Failure   Level  Hunger
a - Sting                 Conj/Pois      #...         75%         1    ##.....


Dungeon Overview and Level Annotations

Branches:
Dungeon (6/15)
 Temple: D:4-7

Altars:
Dithmenos
Elyvilon
Makhleb
Nemelex Xobeh
Qazlal
Yredelemnul
The Shining One

Annotations:
D:6 Menkaure


Innate Abilities, Weirdness & Mutations

Your plain brown scales are hard (AC +6).
Your body does not fit into most forms of armour.
You are cold-blooded and may be slowed by cold attacks.
You are somewhat resistant to further mutation.


Message History

The giant frog is moderately wounded.
The giant frog hits you.
* * * LOW HITPOINT WARNING * * *
An orc wizard comes into view. It is wielding a dagger.
You block the giant frog's attack.
The crimson imp blinks!
The orc wizard shouts!
You block the giant frog's attack. The orc wizard casts a spell at you.
The magic dart hits you! Elyvilon protects you from harm!
The giant frog barely misses you. The giant frog closely misses you.
The crimson imp puffs mist at you. You block the giant frog's attack.
Found a scroll labeled IKLEHYG EPUGHAD.
Something unseen opens the door.
The giant frog hits you but does no damage.
The giant frog barely misses you. The giant frog hits you.
You die...

# # .##. # ... #.#
### #5. ##.###..
#.###.###...##.# #
......>......#.#.#
##.##.#5#...##@#.#
# #.##....F..#
#.#.##o###a###
#......5...#
###.##o##### #.#
#.. ... ....


You could see a giant frog, a worker ant and an orc wizard.

Vanquished Creatures
  A sky beast (D:5)
  A centaur (D:5)
  A giant frog (D:2)
  2 worker ants (D:5)
  A worker ant zombie (D:5)
  2 adders (D:2)
  A shadow imp (D:5)
  3 worms
  4 dart slugs (D:1)
  8 orcs
  3 giant cockroaches
  7 hobgoblins
  10 kobolds
  2 quokkas (D:2)
  A ball python (D:2)
  2 bats (D:2)
  7 giant newts
  5 goblins
  5 rats
66 creatures vanquished.

Notes
Turn   | Place    | Note
--------------------------------------------------------------
     0 | D:1      | Matyi1199 the Draconian Wanderer began the quest for the Orb.
     0 | D:1      | Matyi1199 set off with: a +0 shield, a +0 mace, Sif Muna's Handbook of Contamination, a bread ration
     0 | D:1      | Reached XP level 1. HP: 19/19 MP: 2/2
     7 | D:1      | Learned a level 1 spell: Sting
   120 | D:1      | Reached XP level 2. HP: 23/27 MP: 3/3
   654 | D:1      | Reached skill level 4 in Fighting
  1091 | D:2      | Reached XP level 3. HP: 29/33 MP: 2/4
  1273 | D:2      | Found a sparkling altar of Nemelex Xobeh.
  1337 | D:2      | Found a white marble altar of Elyvilon.
  1349 | D:2      | Became a worshipper of Elyvilon the Healer
  1378 | D:2      | Reached skill level 1 in Dodging
  1411 | D:2      | Gained mutation: You are somewhat resistant to further mutation. [potion of mutation]
  2079 | D:2      | Reached XP level 4. HP: 39/40 MP: 5/5
  2149 | D:2      | Noticed a giant frog
  2155 | D:2      | Killed a giant frog
  2155 | D:2      | Reached skill level 1 in Maces & Flails
  2358 | D:3      | Reached XP level 5. HP: 46/46 MP: 6/6
  2398 | D:3      | Reached * piety under Elyvilon
  2487 | D:3      | Found a stormy altar of Qazlal.
  2573 | D:3      | Found a glowing golden altar of the Shining One.
  2656 | D:3      | Found a basalt altar of Yredelemnul.
  2674 | D:3      | Found a shadowy altar of Dithmenos.
  2798 | D:3      | You fall through a shaft for 3 floors!
  2798 | D:6      | Found a burning altar of Makhleb.
  2856 | D:6      | Noticed Menkaure
  2860 | D:5      | Entered Level 5 of the Dungeon
  2988 | D:5      | Noticed a centaur
  3000 | D:5      | Was placed under penance by Elyvilon
  3004 | D:5      | Killed a centaur
  3004 | D:5      | Reached skill level 1 in Short Blades
  3004 | D:5      | Reached XP level 6. HP: 17/53 MP: 5/7
  3102 | D:5      | Noticed a sky beast
  3117 | D:5      | Killed a sky beast
  3186 | D:5      | HP: 1/53 [giant frog (4)]
  3188 | D:5      | Elyvilon protects you from harm!
  3197 | D:5      | Slain by a giant frog

Skill      XL: |  1  2  3  4  5 |
---------------+----------------+-----
Fighting       | 4 |  4.6
Dodging        | 1 2 3 |  3.8
Maces & Flails | 1 |  1.4
Shields        | 2 |  2.6
Short Blades   | 1 |  1.3
Stealth        | |  1.2
Spellcasting   | |  1.1
Conjurations   | |  0.2
Transmutations | |  2.0
Poison Magic   | |  2.2
Invocations    | |  0.4

Action                   |  1- 3 |  4- 6 || total
-------------------------+-------+-------++-------
Melee: Mace              |   113 |       ||   113
       Tailslap          |     7 |    10 ||    17
       Short sword       |    25 |   100 ||   125
Invok: Lesser Healing    |       |     3 ||     3
       Divine Protection |       |     1 ||     1
  Use: Scroll            |     6 |     5 ||    11
       Potion            |     7 |     2 ||     9
  Eat: Bread ration      |     1 |       ||     1
       Meat ration       |       |     1 ||     1
Armor: Skin              |    53 |    20 ||    73
Dodge: Dodged            |    47 |    40 ||    87
Block: Shield            |    68 |    38 ||   106
